 Dungeon Crawl Stone Soup version 0.26-a0-451-gacbe401039 (webtiles) character file.

Game seed: 16755943982613967822

1124 ReteAZ the Grappler (level 8, -15/74 HPs)
             Began as a Troll Monk on July 28, 2020.
             Demolished by an orc warrior
             ... wielding a +0 glaive
              (25 damage)
             ... on level 6 of the Dungeon.
             The game lasted 00:04:51 (3439 turns).

ReteAZ the Grappler (Troll Monk)                    Turns: 3439, Time: 00:04:52

Health: -15/74     AC:  6    Str: 20    XL:     8   Next: 13%
Magic:  7/7        EV: 10    Int:  8    God:
Gold:   416        SH:  0    Dex: 12    Spells: 7/7 levels left

rFire    . . .     SeeInvis .     - Unarmed
rCold    . . .     Faith    .   (no shield)
rNeg     . . .     Spirit   .   a - +0 robe
rPois    .         Reflect  .   (helmet restricted)
rElec    .         Harm     .   (no cloak)
rCorr    .                      (gloves unavailable)
MR       .....                  (boots unavailable)
Stlth    ++........             (no amulet)
HPRegen  0.62/turn              (no ring)
MPRegen  0.10/turn              (no ring)

@: no status effects
A: large, unfitting armour, claws 3, regeneration 1, shaggy fur 1, tough skin 3
a: no special abilities


You were on level 6 of the Dungeon.
You visited 1 branch of the dungeon, and saw 6 of its levels.

You collected 416 gold pieces.

Inventory:

Missiles
 x - 3 boomerangs (quivered)
Armour
 a - a +0 robe (worn)
Jewellery
 h - an uncursed ring of poison resistance {unknown}
 o - an uncursed ring of fire {unknown}
 t - an uncursed ring of ice {unknown}
Wands
 d - a wand of flame (14)
 p - a wand of polymorph (12)
Scrolls
 b - 4 scrolls of identify {unknown}
 c - a scroll of enchant armour {unknown}
 e - a scroll of magic mapping {unknown}
 j - a scroll of amnesia {unknown}
 m - 6 scrolls of remove curse {unknown}
 n - a scroll of immolation {unknown}
 q - 2 scrolls of enchant weapon {unknown}
 s - a scroll of noise {unknown}
 u - a scroll of random uselessness {unknown}
 v - a scroll of fear {unknown}
Potions
 f - 2 potions of cancellation {unknown}
 g - 2 potions of heal wounds
 i - 2 potions of stabbing {unknown}
 k - a potion of ambrosia {unknown}
 l - 2 potions of flight {unknown}
 r - a potion of invisibility {unknown}
 w - a potion of mutation {unknown}


   Skills:
 - Level 2.4 Fighting
 - Level 2.4 Dodging
 - Level 1.0 Stealth
 + Level 10.1 Unarmed Combat


You had 7 spell levels left.
You didn't know any spells.
Your spell library was empty.

Dungeon Overview and Level Annotations

Branches:
Dungeon (6/15)
 Temple: D:4-7

Altars:
Gozag
Sif Muna
Uskayaw
Vehumet
Wu Jian
Xom
Yredelemnul

Shops:
D:4 =

Annotations:
D:4 1 exclusion


Innate Abilities, Weirdness & Mutations

You are too large for most types of armour.
You have claws for hands.
Your natural rate of healing is unusually fast.
You are covered in fur. (AC +1)
You have extremely tough skin. (AC +3)


Message History

You are too injured to fight recklessly!
You are too injured to fight recklessly!
You are too injured to fight recklessly!
You are too injured to fight recklessly!
You are too injured to fight recklessly!
You are too injured to fight recklessly!
You are too injured to fight recklessly!
You are too injured to fight recklessly!
You are too injured to fight recklessly!
You are too injured to fight recklessly!
You are too injured to fight recklessly!
You are too injured to fight recklessly!
You are too injured to fight recklessly!
You are too injured to fight recklessly!
You are too injured to fight recklessly!
The orc throws a boomerang.
The boomerang hits you.
* * * LOW HITPOINT WARNING * * *
The weapon returns to the orc!
The orc warrior hits you from afar with a +0 glaive!!
You die...

# .# ######### . #.=
..#.......# .#
..#..........####o##
.##...........#..o..#
.....##.......#....#
#...........@....#
#..........##o)..#
##.......##....#
#......$.......#
#..............#
#..............#
#.######.............#
#.....##)............#
#......))†...........


You could see an orc warrior and 2 orcs.

Vanquished Creatures
  Eustachio (D:5)
  2 ogres
  A centaur (D:5)
  2 howler monkeys
  An orc priest (D:4)
  2 orc wizards (D:4)
  A bullfrog skeleton (D:4)
  A gnoll shaman (D:6)
  2 hounds (D:4)
  A worker ant (D:4)
  Natasha (thrice) (D:2)
  2 iguanas
  17 gnolls
  A howler monkey skeleton (D:4)
  3 adders
  A shadow imp (D:6)
  3 worms
  2 dart slugs
  3 leopard geckos
  10 orcs
  A ball python (D:4)
  3 giant cockroaches (D:1)
  7 goblins
  4 hobgoblins
  8 jackals (D:1)
  2 quokkas
  8 bats
  2 frilled lizards
  A jackal skeleton (D:4)
  3 kobolds
  A quokka skeleton (D:4)
  8 rats
107 creatures vanquished.

Notes
Turn   | Place    | Note
-------+----------+-------------------------------------------
     0 | D:1      | ReteAZ the Troll Monk began the quest for the Orb.
     0 | D:1      | Reached XP level 1. HP: 22/22 MP: 0/0
    67 | D:1      | Reached XP level 2. HP: 25/29 MP: 1/1
   112 | D:1      | Reached skill level 4 in Unarmed Combat
   207 | D:1      | Reached XP level 3. HP: 28/36 MP: 2/2
   536 | D:2      | Found a radiant altar of Vehumet.
   618 | D:2      | Noticed Natasha
   628 | D:2      | Killed Natasha
   628 | D:2      | Reached skill level 5 in Unarmed Combat
   628 | D:2      | Reached XP level 4. HP: 26/44 MP: 3/3
   660 | D:2      | Noticed Natasha
   665 | D:2      | Killed Natasha
   718 | D:2      | Noticed Natasha
   733 | D:2      | Killed Natasha
   733 | D:2      | Reached XP level 5. HP: 23/50 MP: 4/4
   854 | D:2      | Reached skill level 6 in Unarmed Combat
  1487 | D:3      | Reached XP level 6. HP: 59/59 MP: 5/5
  2027 | D:4      | Reached skill level 7 in Unarmed Combat
  2065 | D:4      | Found an ornate altar of the Wu Jian Council.
  2109 | D:4      | Found a shimmering altar of Xom.
  2284 | D:4      | Reached skill level 8 in Unarmed Combat
  2284 | D:4      | Reached XP level 7. HP: 18/66 MP: 6/6
  2451 | D:4      | Found a hide-covered altar of Uskayaw.
  2509 | D:4      | Found a basalt altar of Yredelemnul.
  2509 | D:4      | Found an opulent altar of Gozag.
  2580 | D:4      | Found Qoehom's Jewellery Shop.
  2743 | D:4      | Found a shimmering blue altar of Sif Muna.
  2788 | D:5      | Entered Level 5 of the Dungeon
  2850 | D:5      | Noticed Eustachio
  2886 | D:5      | Killed Eustachio
  2886 | D:5      | Reached skill level 9 in Unarmed Combat
  3289 | D:6      | Reached XP level 8. HP: 72/74 MP: 7/7
  3297 | D:6      | Reached skill level 10 in Unarmed Combat
  3439 | D:6      | Demolished by an orc warrior

Illustrated notes

Levels and vault maps discovered:
D:1:      scummos_arrival_forest, layout_rooms, serial_forest,
          infiniplex_forest_straight_3, infiniplex_forest_lined_1,
          infiniplex_forest_end_double, infiniplex_forest_clump_small
D:2:      layout_basic, lemuel_round_altar, uniq_natasha
D:3:      layout_basic
D:4:      layout_basic, kennysheep_mini, lemuel_doored_altar,
          nicolae_overflow_crystal_walls, led_sif_book,
          gammafunk_temple_overflow_wave, serial_shops, kennysheep_little_box
D:5:      layout_basic, uniq_eustachio
D:6:      layout_gridville, minmay_temple_entry_mini_moons, serial_shops, shop

Skill      XL: |  1  2  3  4  5  6  7  8 |
---------------+-------------------------+-----
Unarmed Combat | 4 5 6 8 9 10 | 10.1
Fighting       | |  2.4
Dodging        | |  2.4
Stealth        | |  1.0

Action                   |  1- 3 |  4- 6 |  7- 9 || total
-------------------------+-------+-------+-------++-------
Melee: Unarmed           |   140 |   144 |    66 ||   350
       Punch             |     1 |     5 |     2 ||     8
Throw: Throwing net      |       |     1 |     1 ||     2
  Use: Potion            |       |       |     1 ||     1
 Stab: Held in net/web   |       |       |     1 ||     1
       Sleeping          |       |       |     1 ||     1
Armor: Robe              |    69 |    37 |    16 ||   122
Dodge: Dodged            |   100 |    64 |    32 ||   196

Table legend: (Time is in decaauts)
 A = Elapsed time spent in this place.
 B = Non-inter-level travel time spent in this place.
 C = Inter-level travel time spent in this place.
 D = Time resting spent in this place.
 E = Time spent auto-exploring this place.
 F = Levels seen in this place.
 G = Mean time per level.
                   A        B        C        D        E       F      G
               +--------+--------+--------+--------+--------+-----+--------+
         Total |   3421 |   3225 |    196 |    276 |   2258 |   6 |  570.2 |
       Dungeon |   3421 |   3225 |    196 |    276 |   2258 |   6 |  570.2 |
               +--------+--------+--------+--------+--------+-----+--------+

Top non-repeatable levels by time:
     D:2: 979 daAuts
     D:4: 755 daAuts
     D:5: 555 daAuts
     D:1: 522 daAuts
     D:3: 521 daAuts
     D:6: 86 daAuts
